 Dungeon Crawl Stone Soup version 0.29-a0-284-gf9362112df (webtiles) character file.

Game seed: 4816132312619585993

46 Bimmy the Ruffian (level 3, -2/36 HPs)
             Began as a Troll Monk on Mar 17, 2022.
             Was a Priest of Fedhas.
             Slain by a gnoll
             ... wielding a +0 club
              (5 damage)
             ... on level 2 of the Dungeon.
             The game lasted 00:02:18 (866 turns).

Bimmy the Ruffian (Troll Monk)                       Turns: 866, Time: 00:02:18

Health: -2/36      AC:  4    Str: 21    XL:     3   Next: 46%
Magic:  2/2        EV: 10    Int:  6    God:    Fedhas [***...]
Gold:   68         SH:  0    Dex: 12    Spells: 2/2 levels left

rFire   . . .      SeeInvis .     - Unarmed
rCold   . . .      Faith    .   (no shield)
rNeg    . . .      Spirit   .   a - +0 robe
rPois   .          Reflect  .   (helmet restricted)
rElec   .          Harm     .   (no cloak)
rCorr   .          Rampage  .   (gloves unavailable)
Will    .....                   (boots unavailable)
Stlth   ++........              (no amulet)
HPRegen 0.92/turn               (no ring)
MPRegen 0.08/turn               (no ring)

@: no status effects
A: large, unfitting armour, claws 3, regeneration 1, shaggy fur 1, tough skin 1
a: Renounce Religion, Wall of Briars, Grow Ballistomycete


You were on level 2 of the Dungeon.
You worshipped Fedhas.
Fedhas was most pleased with you.
You visited 1 branch of the dungeon, and saw 2 of its levels.

You collected 68 gold pieces.

Inventory:

Armour
 a - a +0 robe (worn)
 g - a +2 pair of boots
Scrolls
 c - a scroll of teleportation {unknown}
 d - a scroll of silence {unknown}
 e - a scroll of identify {unknown}
 f - a scroll of fog {unknown}
Potions
 b - a potion of ambrosia


   Skills:
 + Level 2.8 Fighting
 + Level 2.7 Dodging
 + Level 1.3 Stealth
 + Level 3.4 Unarmed Combat


You had 2 spell levels left.
You didn't know any spells.
Your spell library was empty.

Dungeon Overview and Level Annotations

Branches:
Dungeon (2/15)

Altars:
Fedhas


Innate Abilities, Weirdness & Mutations

You are too large for most types of armour.
You have claws for hands.
Your natural rate of healing is unusually fast.
You are covered in fur. (AC +1)
You have tough skin. (AC +1)


Message History

You barely miss the frilled lizard. The frilled lizard bites you.
You claw the frilled lizard!
You kill the frilled lizard!
Fedhas appreciates your contribution to the ecosystem.
No target in view!
HP restored.
You now have 68 gold pieces (gained 9).
A gnoll comes into view. It is wielding a +0 flail.
A gnoll is nearby!
A gnoll comes into view. It is wielding a +0 spear.
Found a stone staircase leading down.
A gnoll comes into view. It is wielding a +0 club.
The gnoll shouts! x2
The gnoll hits you with a +0 flail.
The gnoll hits you from afar with a +0 spear.
You scratch the gnoll.
The gnoll is lightly wounded.
The gnoll hits you from afar with a +0 spear.
The gnoll hits you with a +0 flail!
You claw the gnoll!
The gnoll is almost dead.
The gnoll barely misses you. The gnoll hits you with a +0 flail.
The gnoll hits you from afar with a +0 spear.
You are too injured to fight recklessly!
You are too injured to fight recklessly!
You claw the gnoll!
You kill the gnoll!
Fedhas appreciates your contribution to the ecosystem.
The gnoll barely misses you.
The gnoll hits you from afar with a +0 spear.
You claw the gnoll!
The gnoll is severely wounded.
The gnoll hits you with a +0 club.
* * * LOW HITPOINT WARNING * * *
The gnoll hits you from afar with a +0 spear.
* * * LOW HITPOINT WARNING * * *
Okay, then.
The gnoll attacks as you move away! The gnoll hits you with a +0 club.
You die...
Fedhas appreciates your contribution to the ecosystem.

... ...# #.
##.########.#####.
#.................
#..# ######.#####.
#..########.#####.
###.................
#.............##....
#.#..########.##....
#@.# #.......
......)g.......
........
......g........
........
###.#..........
........ #
#.##.########.......
#. #.# ........ #.
#.# ........ .. .#
........ ........


You could see 2 gnolls.

Vanquished Creatures
  A gnoll (D:2)
  A dart slug (D:1)
  4 endoplasms (D:1)
  2 giant cockroaches (D:1)
  2 goblins (D:2)
  2 hobgoblins
  4 jackals (D:1)
  2 kobolds (D:1)
  2 quokkas (D:1)
  4 ball pythons (D:1)
  2 bats (D:1)
  A frilled lizard (D:2)
  4 rats
31 creatures vanquished.

Notes
Turn   | Place    | Note
-------+----------+-------------------------------------------
     0 | D:1      | Bimmy the Troll Monk began the quest for the Orb.
     0 | D:1      | Reached XP level 1. HP: 22/22 MP: 0/0
    74 | D:1      | Found a faded altar of an unknown god.
    94 | D:1      | Prayed at the altar of an unknown god.
    94 | D:1      | Became a worshipper of Fedhas Madash
    94 | D:1      | Reached * piety under Fedhas
    94 | D:1      | Reached ** piety under Fedhas
   124 | D:1      | Reached XP level 2. HP: 29/29 MP: 1/1
   642 | D:1      | Reached *** piety under Fedhas
   707 | D:1      | Reached XP level 3. HP: 36/36 MP: 2/2
   866 | D:2      | Slain by a gnoll

Illustrated notes

Levels and vault maps discovered:
D:1:      evilmike_arrival_crescent, layout_loops_corners,
          nicolae_ecumenical_snake_handling
D:2:      layout_basic, minmay_misc_feat_ornament, minmay_misc_feat_doors

Action                   || total
-------------------------++-------
Melee: Unarmed           ||    88
       Punch             ||     2
 Stab: Sleeping          ||     2
Armor: Robe              ||    27
Dodge: Dodged            ||    49

Table legend: (Time is in decaauts)
 A = Elapsed time spent in this place.
 B = Non-inter-level travel time spent in this place.
 C = Inter-level travel time spent in this place.
 D = Time resting spent in this place.
 E = Time spent auto-exploring this place.
 F = Levels seen in this place.
 G = Mean time per level.
                   A        B        C        D        E       F      G
               +--------+--------+--------+--------+--------+-----+--------+
         Total |    861 |    841 |     20 |      0 |    658 |   2 |  430.5 |
       Dungeon |    861 |    841 |     20 |      0 |    658 |   2 |  430.5 |
               +--------+--------+--------+--------+--------+-----+--------+

Top non-repeatable levels by time:
     D:1: 750 daAuts
     D:2: 110 daAuts
